 Dungeon Crawl Stone Soup version 0.23-a0-565-g3e74e4c (webtiles) character file.

1206 MisterFreud the Fighter (level 8, -8/74 HPs)
             Began as a Minotaur Abyssal Knight on Dec 13, 2018.
             Was a Priest of Lugonu.
             Killed by divine providence
             ... invoked by an orc priest
              (11 damage)
             ... on level 6 of the Dungeon.
             The game lasted 00:08:44 (5385 turns).

MisterFreud the Fighter (Minotaur Abyssal Knight)   Turns: 5385, Time: 00:08:46

Health: -8/74      AC:  6    Str: 20    XL:     8   Next: 21%
Magic:  13/13      EV: 11    Int: 12    God:    Lugonu [***...]
Gold:   227        SH:  0    Dex: 13    Spells: 7/7 levels left

rFire    + . .     SeeInvis .   a - +1 falchion
rCold    . . .     Gourm    .   (no shield)
rNeg     . . .     Faith    .   b - +1 leather armour
rPois    .         Spirit   .   (helmet restricted)
rElec    .         Reflect  .   (no cloak)
rCorr    .         Harm     .   (no gloves)
MR       .....                  h - +1 pair of boots
Stlth    +.........             (no amulet)
HPRegen  0.22/turn              n - ring of the Gastropod {Int+3 Dex+4}
MPRegen  0.13/turn              f - ring of protection from fire

@: no status effects
A: retaliatory headbutt, horns 2
a: Depart the Abyss, Bend Space, Banish, Renounce Religion


You were on level 6 of the Dungeon.
You worshipped Lugonu.
Lugonu was most pleased with you.
You were not hungry.

You visited 1 branch of the dungeon, and saw 6 of its levels.
You visited the Abyss 1 time.

You collected 227 gold pieces.

Inventory:

Hand Weapons
 a - a +1 falchion (weapon)
Missiles
 e - 207 arrows
 i - 43 bolts
Armour
 b - a +1 leather armour (worn)
 h - a +1 pair of boots (worn)
Jewellery
 f - a ring of protection from fire (right hand)
 n - the ring of the Gastropod (left hand) {Int+3 Dex+4}
   (You found it on level 4 of the Dungeon)

   [ring of intelligence]

   It affects your intelligence (+3).
   It affects your dexterity (+4).
Wands
 r - a wand of iceblast (7)
 x - a wand of disintegration (8)
Scrolls
 d - a scroll of blinking {unknown}
 g - 3 scrolls of remove curse
 k - 3 scrolls of enchant armour
 l - 3 scrolls of amnesia
 s - a scroll of enchant weapon {unknown}
 t - a scroll of identify
 w - a scroll of teleportation
Potions
 j - a potion of agility
 m - 2 potions of heal wounds
 o - 2 potions of brilliance
 p - a potion of invisibility
 q - a potion of might
 u - 4 potions of curing
Comestibles
 c - 14 rations


   Skills:
 - Level 8.0 Fighting
 - Level 2.4 Long Blades
 + Level 2.9 Armour
 - Level 1.1 Dodging
 - Level 8.0 Invocations


You had 7 spell levels left.
You didn't know any spells.
Your spell library was empty.

Dungeon Overview and Level Annotations

Branches:
Dungeon (6/15)             Temple (0/1) D:6

Altars:
Ashenzari
Gozag
Nemelex Xobeh
Okawaru

Annotations:
D:5 2 transporters, SaintRoka's ghost, amateur DDFi
Abyss:1 Duvessa; Prince Ribbit


Innate Abilities, Weirdness & Mutations

You reflexively headbutt those who attack you in melee.
You have a pair of horns on your head.


Message History

The orc priest calls down the wrath of Beogh upon you.
Beogh smites you!
* * * LOW HITPOINT WARNING * * *
The orc priest hits you.
* * * LOW HITPOINT WARNING * * *
The orc closely misses you.
You hit the orc priest.
The orc priest is heavily wounded.
The orc priest looks satisfied for a moment.
The orc priest misses you. You furiously retaliate!
You headbutt the orc priest, but do no damage.
You riposte.
You barely miss the orc priest.
The orc priest is heavily wounded.
The orc closely misses you.
The orc priest calls down the wrath of Beogh upon you.
Pain shoots through your body!
* * * LOW HITPOINT WARNING * * *
The orc priest calls down the wrath of Beogh upon you.
Beogh smites you!
You die...

#..####.......).###
###..###...........
###............÷. ...
##......####### #...
##......#...≈g≈ #..
##.###...#.8.≈≈≈ ...
##.## #...#8_8...
#.###.## #...#.8.≈≈≈
#.o@## ##..#...≈g≈
#.oo# ##...#######
#...## ##...........
#....###...(........
#.##.........#.......
..#
###......##.......
...# #.....####......
### ##...## #.......
#..## #........


You could see 2 orc priests and an orc.

Vanquished Creatures
  An ogre (D:6)
  2 centaurs
  A big kobold (D:5)
  Blork the orc (D:4)
  2 bullfrogs (D:6)
  A wyvern skeleton (D:6)
  Dowan (D:5)
  A howler monkey (D:6)
  A hound (D:5)
  An orc wizard (D:6)
  A bullfrog skeleton (D:6)
  2 worker ants
  A hound skeleton (D:6)
  9 adders
  4 gnolls
  An ooze (D:2)
  7 worms
  3 dart slugs
  3 leopard geckos
  7 orcs
  4 ball pythons
  5 giant cockroaches
  12 goblins
  9 hobgoblins
  9 jackals
  16 kobolds
  A quokka (D:3)
  11 bats
  9 frilled lizards
  A giant cockroach zombie (D:5)
  A leopard gecko skeleton (D:6)
  A leopard gecko zombie (D:6)
  A quokka zombie (D:6)
  7 rats
  A toadstool (D:1)
138 creatures vanquished.

Vanquished Creatures (others)
  3 toadstools (D:1)
3 creatures vanquished.

Grand Total: 141 creatures vanquished

Notes
Turn   | Place    | Note
-------+----------+-------------------------------------------
     0 | Abyss:1  | MisterFreud the Minotaur Abyssal Knight began the quest for
                  | the Orb.
     0 | Abyss:1  | Reached XP level 1. HP: 19/19 MP: 1/1
    19 | D:1      | Escaped the Abyss
    70 | D:1      | Reached XP level 2. HP: 27/28 MP: 2/2
   154 | D:1      | Reached ** piety under Lugonu
   266 | D:1      | Reached skill level 5 in Fighting
   271 | D:1      | Reached XP level 3. HP: 36/36 MP: 3/3
  1122 | D:2      | Reached XP level 4. HP: 41/44 MP: 4/4
  1695 | D:2      | Found a sparkling altar of Nemelex Xobeh.
  1930 | D:2      | Reached XP level 5. HP: 36/52 MP: 5/5
  2034 | D:2      | Reached *** piety under Lugonu
  3154 | D:4      | Got a translucent brass ring
  3157 | D:4      | Identified the ring of the Gastropod {Int+3 Dex+4} (You
                  | found it on level 4 of the Dungeon)
  3233 | D:4      | Reached XP level 6. HP: 47/61 MP: 6/6
  3256 | D:4      | Found a shattered altar of Ashenzari.
  3258 | D:4      | Noticed Blork the orc
  3272 | D:4      | Killed Blork the orc
  3654 | D:5      | Entered Level 5 of the Dungeon
  3701 | D:5      | Found a transporter.
  3703 | D:5      | Noticed SaintRoka's ghost (amateur DDFi)
  3779 | D:5      | Noticed Dowan
  3779 | D:5      | Noticed Duvessa
  3815 | D:5      | Killed Dowan
  3906 | D:5      | Noticed Prince Ribbit
  4186 | D:5      | Reached skill level 5 in Invocations
  4186 | D:5      | Reached XP level 7. HP: 68/68 MP: 9/9
  4193 | D:5      | Reached **** piety under Lugonu
  4207 | D:5      | Banished Prince Ribbit
  4270 | D:5      | Banished Duvessa
  4287 | D:5      | Found a transporter.
  4568 | D:6      | Found an opulent altar of Gozag.
  5035 | D:6      | Reached XP level 8. HP: 68/74 MP: 12/12
  5046 | D:6      | Found a staircase to the Ecumenical Temple.
  5058 | D:6      | Found an iron altar of Okawaru.
  5385 | D:6      | HP: 3/74 [orc priest/nerve-wracking pain (12)]
  5385 | D:6      | Killed from afar by an orc priest

Vault maps used:
D:1:      ldierk_water_garden, st_stairs_3
D:2:      nemelex_diamond_rough_becter
D:3:      minmay_misc_feat_iff
D:4:      old_standard_altar, first_ration, uniq_blork_the_orc
D:5:      portal_sewer_entry_e, gammafunk_ghost_mausoleum, minmay_crossroads,
          uniq_duvessa, uniq_prince_ribbit1
D:6:      grunt_gozag_breadcrumbs, minmay_temple_entry_from_below_a,
          kennysheep_okawaru_gauntlet
Abyss:1:  evilmike_abyss_exit_plants

Skill      XL: |  1  2  3  4  5  6  7  8 |
---------------+-------------------------+-----
Fighting       | 4 5 7 8 |  8.0
Invocations    | 2 5 7 8 |  8.0
Long Blades    | |  2.4
Armour         | |  2.9
Dodging        | |  1.1

Action                   |  1- 3 |  4- 6 |  7- 9 || total
-------------------------+-------+-------+-------++-------
Melee: Falchion          |    76 |   182 |    50 ||   308
       Headbutt          |    10 |    22 |    13 ||    45
Invok: Banish            |       |       |     2 ||     2
  Use: Scroll            |       |    10 |       ||    10
       Potion            |       |     1 |       ||     1
  Eat: Chunk             |     1 |     9 |     5 ||    15
Armor: Leather armour    |    28 |    52 |    17 ||    97
Dodge: Dodged            |    60 |   127 |    39 ||   226
       Rpst.: Falchion   |    16 |    29 |    12 ||    57

Table legend:
 A = Non-vault XP
 B = Vault XP
 C = Vault XP percentage of total XP
 D = Non-vault monster count
 E = Vault monster count
 F = Vault count percentage of total count
                 A         B        C        D         E       F
            +---------+---------+-------+---------+---------+-------
      Total |    1343 |     381 |  22.1 |     132 |       7 |   5.0
            +---------+---------+-------+---------+---------+-------
        D:1 |      60 |       6 |   9.1 |      33 |       3 |   8.3
        D:2 |     148 |       0 |   0.0 |      33 |       0 |   0.0
        D:3 |     127 |       0 |   0.0 |      28 |       0 |   0.0
        D:4 |      45 |      91 |  66.9 |       5 |       1 |  16.7
        D:5 |     294 |     284 |  49.1 |      17 |       3 |  15.0
        D:6 |     669 |       0 |   0.0 |      16 |       0 |   0.0
            +---------+---------+-------+---------+---------+-------
